cohdb
Replays
Latest Replays
All Replays
Popular Replays
Top Player Replays
Match Explorer
How It Works
Community
CoH3 Stats
Reddit
Sign in to upload your games and track your stats! →
Sign in with Steam
Match 47068536
Unlisted
Match 47068536
Overview
Messages
Build Orders
End
Panzergrenadier Squad
Panzergrenadier Squad
Panzergrenadier Squad
Construct Light Support Kompanie
2.5-tonne Medical Truck
Fire Support Elements
Panzerjäger Mechanized Group
Flakvierling Half-track
Pak 38 Anti-tank Gun Team
Vehicle Survival Package
Pak 38 Mechanized Group
Tungsten Core Ammunition
Construct Panzerarmee Kommand
Flak 36 Anti-tank Gun Team
Selects Armored Support Battlegroup
Selects Salvage Kits
Selects Panzer Storm
Selects Stuka Dive Bomb
UH|dun! ツ
UH|ck
iceman
Norbert
Smash
Vakileo
0
0
Comments
sign in to comment!
No comments posted yet!